AoeStats
← AiM | CanvaL

Arabian Desert

509922738Analyzed
1v1 RM · 4d ago on Sep 28, 2026· 37m 21s· 2 players
Game mode
Random Map
Map size
Tiny (2 player)
Population
200
Speed
Normal
Resources
Standard
Victory
Conquest
Starting age
Dark Age
Ending age
Imperial Age
RankedLock teamsTeams togetherTeam positionsShared explorationLock speedFull tech treeHidden civsTurbo modeCheats
Victory
Defeat
🇨🇱 Khmer · Chile
1472
+18
🇩🇪 Turks · Germany
1507
-18
AiM | CanvaL
6:25 Loom
8:25 Feudal Age
10:25 Double-Bit Axe
17:23 Forging
22:00 Scale Barding Armor
22:12 Bloodlines
26:18 Castle Age
24:34 Horse Collar
26:21 Light Cavalry
27:37 Husbandry
28:17 Iron Casting
29:33 Town Watch
37:43 Chain Barding Armor
Rogan_29
5:05 Loom
8:44 Feudal Age
9:14 Double-Bit Axe
20:09 Forging
21:48 Horse Collar
23:06 Bloodlines
25:07 Scale Barding Armor
29:41 Castle Age
30:12 Scale Mail Armor
32:14 Town Watch
35:18 Wheelbarrow
36:51 Iron Casting
Connection lost

Rejoining the realm…

Still unreachable

The connection could not be restored.

Session expired

The server has moved on; the page needs a fresh start.